 Dungeon Crawl Stone Soup version 0.22-a0-482-g76e0a5f (webtiles) character file.

21445 Mgcat the Severer (level 12, 0/159 HPs)
             Began as a Hill Orc Gladiator on June 17, 2018.
             Was the Champion of Cheibriados (penitent).
             Slain by a 15-headed hydra (4 damage)
             ... on level 11 of the Dungeon.
             The game lasted 00:33:12 (11568 turns).

Mgcat the Severer (Hill Orc Gladiator)             Turns: 11568, Time: 00:33:13

Health: 0/159      AC: 17    Str: 30    XL:     12   Next: 90%
Magic:  19/19      EV: 10    Int:  9    God:    Cheibriados [*]
Gold:   685        SH:  0    Dex: 15    Spells: 11/11 levels left

rFire    . . .     SeeInvis .   l - +2 war axe (chop)
rCold    . . .     Gourm    .   (no shield)
rNeg     . . .     Faith    .   e - +0 plate armour
rPois    +         Spirit   .   c - +1 helmet
rElec    .         Reflect  .   t - +0 cloak
rCorr    .         Harm     .   K - +1 pair of gloves {Dex+3}
MR       .....                  (no boots)
Stlth    ..........             D - amulet of regeneration {+regen, !d}
HPRegen  0.76/turn              v - ring of poison resistance {rPois, !d}
MPRegen  0.16/turn              J - +4 ring of strength

@: berserking (expiring), very slow
A: no striking features
a: Renounce Religion


You were on level 11 of the Dungeon.
You worshipped Cheibriados.
Cheibriados was demanding penance.
You were not hungry.

You visited 2 branches of the dungeon, and saw 12 of its levels.
You also visited: Sewer.

You collected 949 gold pieces.
You spent 264 gold pieces at shops.

Inventory:

Hand Weapons
 l - a +2 war axe of chopping (weapon)
   (You found it on level 6 of the Dungeon)
Missiles
 d - 3 throwing nets {=f, !d}
 H - 3 curare-tipped needles
Armour
 c - a +1 helmet (worn)
 e - a +0 plate armour (worn)
   (You found it on level 2 of the Dungeon)
 t - a +0 cloak (worn)
   (You found it on level 4 of the Dungeon)
 K - a +1 pair of gloves of dexterity (worn)
   (You bought it in a shop on level 9 of the Dungeon)
Magical Staves
 y - an uncursed staff of summoning {!a}
   (You found it on level 6 of the Dungeon)
 A - an uncursed staff of wizardry {unknown}
   (You found it on level 6 of the Dungeon)
Jewellery
 h - an uncursed amulet of faith {Faith, !P}
   (You found it on level 5 of the Dungeon)
 v - a ring of poison resistance (left hand) {rPois, !d}
   (You found it on level 7 of the Dungeon)
 D - an amulet of regeneration (around neck) {+regen, !d}
   (You found it on level 8 of the Dungeon)
 J - a +4 ring of strength (right hand)
   (You found it on level 8 of the Dungeon)
 M - an uncursed amulet of the gourmand {unknown}
   (You took it off an orc wizard on level 11 of the Dungeon)
Wands
 o - a wand of iceblast (2)
   (You found it on level 6 of the Dungeon)
 s - a wand of flame (15)
   (You found it on level 4 of the Dungeon)
 F - a wand of polymorph (27)
   (You found it on level 8 of the Dungeon)
 I - a wand of digging (9)
   (You found it on level 9 of the Dungeon)
Scrolls
 i - a scroll of random uselessness {unknown}
 j - 4 scrolls of teleportation
 k - 11 scrolls of identify
 m - 4 scrolls of magic mapping {!r}
 r - 5 scrolls of remove curse
 w - 3 scrolls of fog
 B - 3 scrolls of amnesia
 E - a scroll of blinking {!r}
 G - 2 scrolls of fear
 N - a scroll of holy word {unknown}
 O - a scroll of enchant weapon
Potions
 a - 2 potions of mutation {unknown}
 b - 2 potions of invisibility {unknown}
 g - a potion of flight {unknown}
 n - 3 potions of magic
 p - 2 potions of curing
 q - 2 potions of degeneration {unknown}
 u - a potion of resistance {unknown}
 x - 2 potions of brilliance {unknown}
 z - 3 potions of heal wounds {unknown}
 C - a potion of berserk rage {!q}
Comestibles
 f - 23 rations
 L - 4 chunks of flesh {@w0}


   Skills:
 - Level 10.0 Fighting
 - Level 20.0 Axes
 - Level 1.7 Throwing
 - Level 5.0 Armour
 - Level 5.0 Dodging
 + Level 9.3 Invocations


You had 11 spell levels left.
You didn't know any spells.
Your spell library contained the following spells:

 Spells                   Type           Power        Failure   Level  Hunger
 Spider Form              Tmut/Pois      #.........   100%        3    ####...
 Blade Hands              Tmut           #.........   100%        5    ######.
 Ice Form                 Ice/Tmut       #.......     100%        4    #####..
 Sticks to Snakes         Tmut           #.......     99%         2    ###....
 Beastly Appendage        Tmut           #.....       98%         1    ##.....


Dungeon Overview and Level Annotations

Branches:
Dungeon (11/15)            Temple (1/1) D:6            Lair (0/6) D:10
    Orc (0/2) D:9

Altars:
Ashenzari
Cheibriados
Elyvilon
Gozag
Hepliaklqana
Makhleb
Sif Muna
Uskayaw
Vehumet
Wu Jian
Xom

Shops:
D:9 [(


Message History

Okay, then.
Unknown command.
You lop one of the seven-headed hydra's heads off!
The six-headed hydra grows two more!
You slash the eight-headed hydra!
The eight-headed hydra is lightly wounded.
Really quaff
C - 2 potions of berserk rage {!q}?
A red film seems to cover your vision as you go berserk!
Cheibriados thinks you should slow down.
You feel very guilty. "You will pay for your transgression, mortal!"
Cheibriados forces you to slow down.
You feel mighty!
The eight-headed hydra closely misses you.
The eight-headed hydra bites you!
The eight-headed hydra barely misses you.
The eight-headed hydra bites you.
The eight-headed hydra closely misses you.
The eight-headed hydra bites you.
The eight-headed hydra bites you but does no damage.
The eight-headed hydra barely misses you.
You slice one of the eight-headed hydra's heads off!
The seven-headed hydra grows two more!
You hit the nine-headed hydra.
The nine-headed hydra is lightly wounded.
The nine-headed hydra bites you!
The nine-headed hydra bites you but does no damage.
The nine-headed hydra closely misses you.
The nine-headed hydra barely misses you.
The nine-headed hydra bites you but does no damage. x3
The nine-headed hydra bites you. x2
You hack one of the nine-headed hydra's heads off!
The eight-headed hydra grows two more!
You slice the ten-headed hydra!!
The ten-headed hydra is heavily wounded.
The ten-headed hydra bites you! The ten-headed hydra bites you.
The ten-headed hydra barely misses you.
The ten-headed hydra bites you but does no damage.
The ten-headed hydra closely misses you.
The ten-headed hydra barely misses you. The ten-headed hydra bites you.
The ten-headed hydra misses you.
The ten-headed hydra bites you but does no damage.
The ten-headed hydra bites you.
You chop one of the ten-headed hydra's heads off!
The nine-headed hydra grows two more!
You slash the 11-headed hydra!
The 11-headed hydra is heavily wounded.
You chop one of the 11-headed hydra's heads off!
The ten-headed hydra grows two more!
You slash the 12-headed hydra!
The 12-headed hydra is heavily wounded.
The 12-headed hydra closely misses you.
The 12-headed hydra bites you but does no damage.
The 12-headed hydra bites you. The 12-headed hydra closely misses you.
The 12-headed hydra bites you!
The 12-headed hydra bites you but does no damage. x3
The 12-headed hydra barely misses you.
The 12-headed hydra bites you but does no damage.
The 12-headed hydra bites you!
The 12-headed hydra bites you but does no damage.
You hack one of the 12-headed hydra's heads off!
The 11-headed hydra grows two more!
You slash the 13-headed hydra!
The 13-headed hydra is heavily wounded.
The 13-headed hydra bites you but does no damage. x9
The 13-headed hydra barely misses you. The 13-headed hydra bites you.
The 13-headed hydra misses you. The 13-headed hydra bites you.
* * * LOW HITPOINT WARNING * * *
You barely miss the 13-headed hydra.
The 13-headed hydra is heavily wounded.
You completely miss the 13-headed hydra.
The 13-headed hydra is heavily wounded.
The 13-headed hydra bites you but does no damage.
The 13-headed hydra bites you!
* * * LOW HITPOINT WARNING * * *
The 13-headed hydra bites you!
* * * LOW HITPOINT WARNING * * *
The 13-headed hydra closely misses you.
The 13-headed hydra bites you but does no damage. x4
The 13-headed hydra bites you.
* * * LOW HITPOINT WARNING * * *
The 13-headed hydra bites you but does no damage. x4
You chop one of the 13-headed hydra's heads off!
The 12-headed hydra grows two more!
You slash the 14-headed hydra!
The 14-headed hydra is heavily wounded.
The 14-headed hydra bites you but does no damage.
The 14-headed hydra misses you. x2
The 14-headed hydra bites you but does no damage.
The 14-headed hydra closely misses you. The 14-headed hydra bites you!
* * * LOW HITPOINT WARNING * * *
The 14-headed hydra bites you.
* * * LOW HITPOINT WARNING * * *
The 14-headed hydra closely misses you.
The 14-headed hydra barely misses you. x2
The 14-headed hydra closely misses you. The 14-headed hydra bites you.
* * * LOW HITPOINT WARNING * * *
The 14-headed hydra bites you.
* * * LOW HITPOINT WARNING * * *
The 14-headed hydra barely misses you.
You chop one of the 14-headed hydra's heads off!
The 13-headed hydra grows two more!
You slice the 15-headed hydra!!
The 15-headed hydra is severely wounded.
The 15-headed hydra bites you but does no damage. x3
The 15-headed hydra barely misses you.
The 15-headed hydra bites you but does no damage. x4
The 15-headed hydra closely misses you. The 15-headed hydra bites you.
You die...

... .....####.........## .....#
#...#....... #.... ##.#####..#..
#. ##..## #..# ##..### . ##..#
#..# #..## # .## ..####..# ##..#
..# #.......###...# ### #.#
#D.......##..## ##.# #.#
##@.####.....>## #.## #.# #..##
##......#### #.## #.###..#
##)........ ##.#
#....)########))##..... #.#
#.........##.....###... #.#
#.................#.... ##.#####
##.................#...( #......#
#....................<..
#......###.............##........


You could see a 15-headed hydra.

Vanquished Creatures
  Josephine (D:11)
  3 two-headed ogres
  The ghost of ThereIsNoGod the Grappler, a novice DrTm of Cheibriados (D:8)
  The ghost of dcomp the Vexing, a novice GnAM of Xom (D:7)
  An unseen horror (D:10)
  An ugly thing (D:11)
  A cyclops (D:11)
  5 gargoyles
  2 trolls (D:9)
  3 hippogriffs
  Grinder (D:4)
  Sigmund (D:2)
  A shadow (D:11)
  3 hogs (D:7)
  4 wraiths
  21 yaks
  A water elemental (D:11)
  2 wyverns
  A human (D:7)
  The ghost of Curus the Chopper, an amateur MiGl (D:3)
  Grum (D:11)
  2 hungry ghosts
  A steam dragon (D:10)
  4 wargs (D:11)
  Menkaure (D:5)
  A soldier ant (D:11)
  2 water moccasins
  Duvessa (D:7)
  11 orc warriors
  2 phantoms
  An ice beast (D:9)
  2 sky beasts
  A hornet zombie (D:9)
  6 ogres
  3 wolves (D:11)
  5 centaurs
  A necrophage (D:6)
  A crocodile (D:11)
  3 big kobolds
  10 bullfrogs
  A water moccasin zombie (D:7)
  3 scorpions
  Dowan (D:7)
  13 killer bees
  5 crimson imps
  7 howler monkeys
  A quasit (D:6)
  14 orc wizards
  A bullfrog skeleton (D:4)
  2 centaur skeletons
  4 orc priests
  A gnoll shaman (D:5)
  7 hounds
  2 jellies
  Jessica (D:2)
  5 iguanas
  11 worker ants
  2 hound skeletons
  2 worker ant zombies (D:5)
  4 gnolls (D:7)
  A howler monkey skeleton (D:5)
  23 adders
  4 river rats (Sewer)
  4 oozes
  5 adder skeletons
  6 worms
  4 dart slugs
  6 leopard geckos
  47 orcs
  4 giant cockroaches
  4 goblins
  7 hobgoblins
  18 jackals
  4 quokkas
  12 ball pythons
  A ball python skeleton (D:4)
  8 bats
  7 frilled lizards
  23 kobolds
  A leopard gecko skeleton (D:4)
  28 rats
  A plant (D:1)
419 creatures vanquished.

Vanquished Creatures (others)
  A dart slug (D:1)
1 creature vanquished.

Grand Total: 420 creatures vanquished

Notes
Turn   | Place    | Note
-------+----------+-------------------------------------------
     0 | D:1      | Mgcat the Hill Orc Gladiator began the quest for the Orb.
     0 | D:1      | Reached XP level 1. HP: 18/18 MP: 1/1
    92 | D:1      | Reached XP level 2. HP: 17/25 MP: 2/2
   208 | D:1      | Reached skill level 5 in Axes
   517 | D:1      | Reached XP level 3. HP: 26/30 MP: 3/3
   762 | D:2      | Noticed Sigmund
   768 | D:2      | Killed Sigmund
   768 | D:2      | Reached skill level 8 in Axes
   768 | D:2      | Reached XP level 4. HP: 27/37 MP: 4/4
   768 | D:2      | Reached XP level 5. HP: 31/42 MP: 5/5
  1090 | D:2      | Noticed Jessica
  1095 | D:2      | Killed Jessica
  1095 | D:2      | Reached XP level 6. HP: 50/50 MP: 6/6
  1502 | D:2      | Reached skill level 9 in Axes
  1548 | D:3      | Noticed Curus's ghost (amateur MiGl)
  1561 | D:3      | Killed Curus's ghost
  1774 | D:2      | HP: 12/50 [poisoned by a kobold]
  1779 | D:2      | HP: 9/50 [poisoned by a kobold]
  1785 | D:2      | HP: 6/50 [poisoned by a kobold]
  1790 | D:2      | HP: 5/50 [poisoned by a kobold]
  1797 | D:2      | HP: 4/50 [poisoned by a kobold]
  1805 | D:2      | HP: 3/50 [poisoned by a kobold]
  2297 | D:3      | Reached skill level 10 in Axes
  2302 | D:3      | Reached XP level 7. HP: 47/56 MP: 7/7
  2657 | D:4      | Noticed Grinder
  2669 | D:4      | Killed Grinder
  2669 | D:4      | Reached skill level 11 in Axes
  2874 | D:4      | Reached XP level 8. HP: 56/62 MP: 8/8
  3066 | D:4      | Found an ornate altar of the Wu Jian Council.
  3177 | D:4      | Reached skill level 12 in Axes
  3509 | D:5      | Entered Level 5 of the Dungeon
  3646 | D:5      | Found a hide-covered altar of Uskayaw.
  3804 | D:5      | Reached skill level 13 in Axes
  3999 | D:5      | Noticed a yak
  4005 | D:5      | Noticed Menkaure
  4011 | D:5      | Killed a yak
  4015 | D:5      | Killed Menkaure
  4015 | D:5      | Reached skill level 14 in Axes
  4015 | D:5      | Reached XP level 9. HP: 20/68 MP: 9/9
  4122 | D:5      | Reached skill level 3 in Fighting
  4252 | D:5      | HP: 16/71 [orc priest/divine providence (11)]
  4259 | D:5      | HP: 25/106 [orc priest/whip (2)]
  4261 | D:5      | Reached skill level 4 in Fighting
  4918 | D:6      | Reached skill level 5 in Fighting
  4972 | D:6      | Found a glowing drain.
  4990 | Sewer    | Entered a sewer
  5015 | Sewer    | Reached skill level 1 in Armour
  5323 | Sewer    | Reached skill level 2 in Armour
  5328 | Sewer    | Reached skill level 3 in Armour
  5461 | D:6      | Reached skill level 4 in Armour
  5605 | D:6      | Reached skill level 5 in Armour
  5642 | D:6      | Found a staircase to the Ecumenical Temple.
  5671 | Temple   | Entered the Ecumenical Temple
  5685 | Temple   | Became a worshipper of Cheibriados the Contemplative
  6138 | D:7      | Noticed Dowan
  6147 | D:7      | Reached skill level 3 in Dodging
  6148 | D:7      | Noticed Duvessa
  6154 | D:7      | Killed Dowan
  6162 | D:7      | Killed Duvessa
  6165 | D:7      | Noticed dcomp's ghost (novice GnAM)
  6421 | D:7      | HP: 13/74 [dcomp's ghost (14)]
  6423 | D:6      | HP: 5/74 [poisoned by dcomp's ghost]
  6725 | D:7      | Reached skill level 4 in Dodging
  6753 | D:7      | Reached skill level 5 in Dodging
  6753 | D:7      | Reached XP level 10. HP: 29/81 MP: 10/10
  6760 | D:6      | HP: 17/81 [yak (9)]
  6765 | D:6      | Reached * piety under Cheibriados
  6766 | D:6      | HP: 16/81 [poisoned by a killer bee]
  6772 | D:6      | HP: 16/81 [poisoned by a killer bee]
  6778 | D:6      | HP: 16/81 [poisoned by a killer bee]
  6784 | D:6      | HP: 17/81 [poisoned by a killer bee]
  7092 | D:7      | Killed dcomp's ghost
  7092 | D:7      | Reached skill level 15 in Axes
  7110 | D:6      | HP: 20/81 [poisoned by dcomp's ghost]
  7115 | D:6      | HP: 16/81 [poisoned by dcomp's ghost]
  7121 | D:6      | HP: 14/81 [poisoned by dcomp's ghost]
  7126 | D:6      | HP: 12/81 [poisoned by dcomp's ghost]
  7133 | D:6      | HP: 10/81 [poisoned by dcomp's ghost]
  7139 | D:6      | HP: 10/81 [poisoned by dcomp's ghost]
  7148 | D:6      | HP: 10/81 [poisoned by dcomp's ghost]
  7154 | D:6      | HP: 10/81 [poisoned by dcomp's ghost]
  7160 | D:6      | HP: 10/81 [poisoned by dcomp's ghost]
  7166 | D:6      | HP: 11/81 [poisoned by dcomp's ghost]
  7509 | D:7      | Found a burning altar of Makhleb.
  7751 | D:7      | Reached ** piety under Cheibriados
  7751 | D:7      | Reached skill level 16 in Axes
  7824 | D:7      | Noticed a gargoyle
  7836 | D:7      | Killed a gargoyle
  7984 | D:7      | Noticed a gargoyle
  7985 | D:7      | Noticed a gargoyle
  7999 | D:7      | HP: 16/81 [gargoyle/stone arrow (20)]
  8000 | D:7      | Killed a gargoyle
  8007 | D:7      | Killed a gargoyle
  8251 | D:7      | Noticed a gargoyle
  8256 | D:7      | Killed a gargoyle
  8256 | D:7      | Reached skill level 17 in Axes
  8454 | D:7      | Reached XP level 11. HP: 66/86 MP: 11/11
  8567 | D:8      | Noticed ThereIsNoGod's ghost (novice DrTm)
  8586 | D:8      | Killed ThereIsNoGod's ghost
  8586 | D:8      | Reached skill level 18 in Axes
  8907 | D:8      | Noticed a two-headed ogre
  8921 | D:8      | Killed a two-headed ogre
  9252 | D:8      | Reached *** piety under Cheibriados
  9365 | D:9      | Reached skill level 19 in Axes
  9482 | D:9      | Found Mymit's Weapon Shoppe.
  9484 | D:9      | Found a staircase to the Orcish Mines.
  9494 | D:9      | Found Faetit's Armour Shoppe.
  9500 | D:9      | Reached **** piety under Cheibriados
  9508 | D:9      | Bought a +1 pair of gloves of dexterity for 264 gold pieces
 10010 | D:9      | Found a hazy altar of Hepliaklqana.
 10024 | D:9      | Found a shattered altar of Ashenzari.
 10024 | D:9      | Found an opulent altar of Gozag.
 10096 | D:9      | Found a deep blue altar of Sif Muna.
 10302 | D:10     | Entered Level 10 of the Dungeon
 10310 | D:10     | Reached ***** piety under Cheibriados
 10388 | D:10     | Reached skill level 20 in Axes
 10406 | D:10     | Killed an unseen horror
 10406 | D:10     | Reached skill level 6 in Fighting
 10425 | D:10     | Reached XP level 12. HP: 97/97 MP: 12/12
 10506 | D:10     | Reached skill level 7 in Fighting
 10507 | D:10     | Noticed a two-headed ogre
 10517 | D:10     | Killed a two-headed ogre
 10517 | D:10     | Reached skill level 8 in Fighting
 10764 | D:10     | Found a staircase to the Lair.
 10901 | D:11     | Reached ****** piety under Cheibriados
 10908 | D:11     | Reached skill level 9 in Fighting
 11117 | D:11     | Reached skill level 10 in Fighting
 11131 | D:11     | Reached skill level 1 in Invocations
 11156 | D:11     | Reached skill level 2 in Invocations
 11159 | D:11     | Noticed a two-headed ogre
 11171 | D:11     | Killed a two-headed ogre
 11171 | D:11     | Reached skill level 4 in Invocations
 11176 | D:11     | Reached skill level 5 in Invocations
 11298 | D:11     | Noticed Josephine
 11302 | D:11     | Reached skill level 6 in Invocations
 11309 | D:11     | Killed Josephine
 11309 | D:11     | Reached skill level 7 in Invocations
 11329 | D:11     | Reached skill level 8 in Invocations
 11350 | D:11     | Noticed Grum
 11361 | D:11     | Killed Grum
 11423 | D:11     | Reached skill level 9 in Invocations
 11553 | D:11     | Noticed a four-headed hydra
 11559 | D:11     | Was placed under penance by Cheibriados
 11566 | D:11     | HP: 36/159 [13-headed hydra (11)]
 11567 | D:11     | HP: 12/159 [14-headed hydra (6)]
 11567 | D:11     | HP: 4/159 [14-headed hydra (5)]
 11568 | D:11     | Slain by a 15-headed hydra

Vault maps used:
D:1:      lightli_arrival_chessboard, serial_forest,
          infiniplex_forest_clump_diagonal, infiniplex_forest_end_double,
          infiniplex_forest_clump_C, infiniplex_forest_zigzag_2,
          supply_closet_lemuel, minmay_liquid_box, st_stairs_14,
          lemuel_old_faithful
D:2:      uniq_sigmund, uniq_jessica
D:4:      overflow_temple_1_default, uniq_grinder
D:5:      cheibrodos_fzero, marbit_many_paths, first_ration, uniq_menkaure
D:6:      temple_statues, cheibrodos_sewer_entry_bend
D:7:      cheibrodos_statue_roulette, basic_altar, grunt_livestock,
          kennysheep_generic_room_9, uniq_duvessa
D:9:      tgw_sif, grunt_temple_overflow_open, orc_david_3, minivault_11
D:10:     lair_entry_dummy, special_room
D:11:     special_room, nooodl_orcs_dogs, uniq_grum, uniq_josephine
Temple:   eino_temple_scatter_basement
Sewer:    sewer_minmay_w

Skill      XL: |  1  2  3  4  5  6  7  8  9 10 11 12 |
---------------+-------------------------------------+-----
Axes           | 5 8 10 11 14 17 20 | 20.0
Fighting       | 5 6 10 | 10.0
Armour         | 5 |  5.0
Dodging        | 5 |  5.0
Invocations    | 9 |  9.3
Throwing       | |  1.7

Action                   |  1- 3 |  4- 6 |  7- 9 | 10-12 || total
-------------------------+-------+-------+-------+-------++-------
Melee: War axe           |   108 |   106 |   481 |   623 ||  1318
Evoke: Wand              |       |       |     2 |     9 ||    11
  Use: Potion            |     1 |     1 |     6 |     4 ||    12
       Scroll            |       |       |    12 |     4 ||    16
  Eat: Chunk             |       |     5 |    11 |    13 ||    29
       Ration            |       |       |     1 |       ||     1
Armor: Ring mail         |    36 |     5 |       |       ||    41
       Leather armour    |     2 |       |       |       ||     2
       Plate armour      |       |    63 |   266 |   319 ||   648
       Skin              |       |       |     5 |     7 ||    12
Dodge: Dodged            |    57 |    34 |   113 |   339 ||   543

Table legend:
 A = Spawn XP
 B = Non-spawn XP
 C = Spawn XP percentage of total XP
 D = Spawn monster count
 E = Non-spawn monster count
 F = Spawn count percentage of total count
 G = Total turns spent on level
                    A         B        C        D         E        F      G
               +---------+---------+-------+---------+---------+-------+---------
         Total |       0 |   30637 |   0.0 |       0 |     418 |   0.0 | 11568
               +---------+---------+-------+---------+---------+-------+---------
           D:1 |       0 |      54 |   0.0 |       0 |      25 |   0.0 |   758
           D:2 |       0 |     337 |   0.0 |       0 |      19 |   0.0 |  1240
           D:3 |       0 |     275 |   0.0 |       0 |      21 |   0.0 |   644
           D:4 |       0 |     657 |   0.0 |       0 |      20 |   0.0 |   867
           D:5 |       0 |    1384 |   0.0 |       0 |      37 |   0.0 |  1383
           D:6 |       0 |     830 |   0.0 |       0 |      15 |   0.0 |  1883
           D:7 |       0 |    5714 |   0.0 |       0 |      46 |   0.0 |  1332
           D:8 |       0 |    2685 |   0.0 |       0 |      21 |   0.0 |   765
           D:9 |       0 |    4645 |   0.0 |       0 |      52 |   0.0 |   996
          D:10 |       0 |    4419 |   0.0 |       0 |      54 |   0.0 |   594
          D:11 |       0 |    9292 |   0.0 |       0 |      60 |   0.0 |   672
         Sewer |       0 |     345 |   0.0 |       0 |      48 |   0.0 |   409
               +---------+---------+-------+---------+---------+-------+---------

Vault maps used:
D:1:      lightli_arrival_chessboard, serial_forest,
          infiniplex_forest_clump_diagonal, infiniplex_forest_end_double,
          infiniplex_forest_clump_C, infiniplex_forest_zigzag_2,
          supply_closet_lemuel, minmay_liquid_box, st_stairs_14,
          lemuel_old_faithful
D:2:      uniq_sigmund, uniq_jessica
D:4:      overflow_temple_1_default, uniq_grinder
D:5:      cheibrodos_fzero, marbit_many_paths, first_ration, uniq_menkaure
D:6:      temple_statues, cheibrodos_sewer_entry_bend
D:7:      cheibrodos_statue_roulette, basic_altar, grunt_livestock,
          kennysheep_generic_room_9, uniq_duvessa
D:9:      tgw_sif, grunt_temple_overflow_open, orc_david_3, minivault_11
D:10:     lair_entry_dummy, special_room
D:11:     special_room, nooodl_orcs_dogs, uniq_grum, uniq_josephine
Temple:   eino_temple_scatter_basement
Sewer:    sewer_minmay_w

Table legend:
 A = Turns spent in this place as a percentage of turns spent in the entire game.
 B = Non-inter-level travel turns spent in this place as a percentage of non-inter-level travel turns spent in the entire game.
 C = Inter-level travel turns spent in this place as a percentage of turns spent in this place.
 D = Turns resting spent in this place as a percentage of non-inter-level travel turns spent in this place.
 E = Turns spent auto-exploring this place as a percentage of non-inter-level travel turns spent in this place.
 F = Non-inter-level travel turns spent in this place divided by the number of levels of this place that you've seen.
                   A       B       C       D       E      F
               +-------+-------+-------+-------+-------+----------------------
         Total | 100.0 | 100.0 |   2.6 |  14.6 |  63.2 | 866.4
       Dungeon |  96.2 |  96.2 |   2.7 |  15.1 |  63.5 | 985.3
        Temple |   0.2 |   0.1 |  36.0 |   0.0 |  68.8 |  16.0
         Sewer |   3.5 |   3.6 |   0.0 |   0.0 |  54.8 | 409.0
               +-------+-------+-------+-------+-------+----------------------

Table legend:
 A = Kills in this place as a percentage of kills in entire the game.
 B = Kills by you in this place as a percentage of kills by you in the entire game.
 C = Kills by friends in this place as a percentage of kills by friends in the entire game.
 D = Other kills in this place as a percentage of other kills in the entire game.
 E = Experience gained in this place as a percentage of experience gained in the entire game.
 F = Experience gained in this place divided by the number of levels of this place that you have seen.
                   A       B       C       D       E      F
               +-------+-------+-------+-------+-------+----------------------
         Total | 100.0 | 100.0 |   N/A |   N/A | 100.0 | 2356.7
       Dungeon |  88.5 |  88.5 |   N/A |   N/A |  98.9 | 2753.8
         Sewer |  11.5 |  11.5 |   N/A |   N/A |   1.1 | 345.0
               +-------+-------+-------+-------+-------+----------------------
